 Dungeon Crawl Stone Soup version 0.30-a0-241-g1121274140 (webtiles) character file.

Game seed: 18158024278598605453

14 greasedhog the Trooper (level 2, 0/19 HPs)
             Began as a Gargoyle Chaos Knight on Oct 10, 2022.
             Was a Plaything of Xom.
             Slain by a gnoll
             ... wielding a +0 whip
              (5 damage)
             ... on level 1 of the Dungeon.
             The game lasted 00:00:42 (415 turns).

greasedhog the Trooper (Gargoyle Chaos Knight)       Turns: 415, Time: 00:00:42

Health: 0/19       AC:  8    Str: 15    XL:     2   Next: 45%
Magic:  2/2        EV: 11    Int: 12    God:    Xom [..*...]
Gold:   33         SH:  0    Dex:  9    Spells: 1/1 levels left

rFire   . . .      SeeInvis .    a - +1 mace (chaos)
rCold   . . .      Faith    .    (no shield)
rNeg    + . .      Spirit   .    b - +2 leather armour
rPois   ∞          Reflect  .    (no helmet)
rElec   +          Harm     .    (no cloak)
rCorr   .          Rampage  .    (no gloves)
Will    .....                    (no boots)
Stlth   +.........               (no amulet)
HPRegen 0.23/turn                (no ring)
MPRegen 0.08/turn                (no ring)

@: no status effects
A: sickness immunity, AC +2, negative energy resistance 1, electricity
resistance, torment resistance 1, petrification resistance
a: Renounce Religion


You were on level 1 of the Dungeon.
You worshipped Xom.
You were a toy of Xom.
You visited 1 branch of the dungeon, and saw 1 of its levels.

You collected 33 gold pieces.

Inventory:

Hand Weapons
 a - a +1 mace of chaos (weapon)
Armour
 b - a +2 leather armour (worn)
Scrolls
 e - a scroll of fog {unknown}
 f - a scroll of acquirement {unknown}
Miscellaneous
 c - a piece from Xom's chessboard (15/15) (quivered)


   Skills:
 * Level 3.6 Fighting
 * Level 3.2 Maces & Flails
 * Level 2.6 Armour
 - Level 0.7 Dodging


You had one spell level left.
You didn't know any spells.
Your spell library was empty.

Dungeon Overview and Level Annotations

Branches:
Dungeon (1/15)

Altars:


Innate Abilities, Weirdness & Mutations

You are immune to sickness and miasma.
Your stone body is resilient. (AC +2)
You are immune to poison.
You resist negative energy. (rN+)
You are resistant to electric shocks. (rElec)
You are resistant to unholy torment.
You are immune to petrification.


Message History

The gnoll is lightly wounded.
The gnoll barely misses you. The gnoll misses you.
You hit the gnoll but do no damage.
The gnoll is lightly wounded.
The gnoll barely misses you.
You closely miss the gnoll.
The gnoll is lightly wounded.
The gnoll hits you with a +0 whip!
You hit the gnoll but do no damage.
The gnoll is lightly wounded.
The gnoll hits you but does no damage.
You hit the gnoll. You burn the gnoll.
The gnoll is heavily wounded.
The gnoll hits you with a +0 whip. The gnoll hits you but does no damage.
You barely miss the gnoll.
The gnoll is heavily wounded.
The gnoll hits you but does no damage.
You hit the gnoll but do no damage.
The gnoll goes berserk!
The gnoll is heavily wounded.
The gnoll closely misses you. The gnoll barely misses you.
You barely miss the gnoll.
The gnoll is heavily wounded.
The gnoll closely misses you. The gnoll closely misses you.
The gnoll hits you with a +0 whip!
* * * LOW HITPOINT WARNING * * *
As you read the scroll labelled UGGEXK ARUCWU, it crumbles to dust.
It is a scroll of enchant weapon.
Your +0 mace of chaos glows red for a moment.
The gnoll barely misses you.
You barely miss the gnoll.
The gnoll is heavily wounded.
The gnoll closely misses you. The gnoll barely misses you.
You hit the gnoll.
The gnoll is heavily wounded.
The gnoll closely misses you. The gnoll barely misses you.
You hit the gnoll but do no damage.
The gnoll resists with some effort.
The gnoll is heavily wounded.
The gnoll hits you with a +0 whip.
You die...

####..####.# #...
#.....(..#.. ...## ####
##..<....[.. .... ##
..........## ...# ###.
##........# #..# #...
#####..### #..# ####
######..###########..#####.
#
.)..................!......
#
................@g.........
##
###########.###############
####. # #.# #.# #.### # #.#
##.## #.# # # #.####.#.##
#.# # #.....###.## #.### #
####.## ##.########## #.##.
######..## ##.......>.#
##.##. .......#.##
##.########.# #.....


You could see a gnoll (berserk).

Vanquished Creatures
  A dart slug (D:1)
  2 ball pythons (D:1)
  3 bats (D:1)
  2 hobgoblins (D:1)
  2 frilled lizards (D:1)
  3 rats (D:1)
13 creatures vanquished.

Notes
Turn   | Place    | Note
-------+----------+-------------------------------------------
     0 | D:1      | greasedhog the Gargoyle Chaos Knight began the quest for
                  | the Orb.
     0 | D:1      | Reached XP level 1. HP: 14/14 MP: 1/1
    47 | D:1      | XOM: silly message
   223 | D:1      | Reached XP level 2. HP: 19/19 MP: 2/2
   415 | D:1      | Slain by a gnoll

Illustrated notes

Levels and vault maps discovered:
D:1:      dpeg_arrival_boxes_within_box, layout_loops_ring, hangedman_decor_push

Action                   || total
-------------------------++-------
Melee: Mace              ||    55
       Punch             ||     1
  Use: Scroll            ||     1
Armor: Leather armour    ||    30
Dodge: Dodged            ||    52

Table legend: (Time is in decaauts)
 A = Elapsed time spent in this place.
 B = Non-inter-level travel time spent in this place.
 C = Inter-level travel time spent in this place.
 D = Time resting spent in this place.
 E = Time spent auto-exploring this place.
 F = Levels seen in this place.
 G = Mean time per level.
                   A        B        C        D        E       F      G
               +--------+--------+--------+--------+--------+-----+--------+
         Total |    428 |    428 |      0 |      0 |    316 |   1 |  428.0 |
       Dungeon |    428 |    428 |      0 |      0 |    316 |   1 |  428.0 |
               +--------+--------+--------+--------+--------+-----+--------+

Top non-repeatable levels by time:
     D:1: 428 daAuts
